 Dungeon Crawl Stone Soup version 0.25-a0-860-gf695395b5c (webtiles) character file.

Game seed: 11133156684641225939, levelgen mode: deterministic

12067 Gumption the Geomancer (level 11, -5/72 HPs)
             Began as a Gargoyle Earth Elementalist on Dec 16, 2019.
             Was a High Priest of Vehumet.
             Slain by a two-headed ogre
             ... wielding a +0 giant club
              (20 damage)
             ... on level 10 of the Dungeon on Apr 28, 2020.
             The game lasted 01:43:18 (13663 turns).

Gumption the Geomancer (GrEE)                      Turns: 13663, Time: 01:43:19

Health: -5/72      AC: 21    Str: 11    XL:     11   Next: 87%
Magic:  24/32      EV: 11    Int: 20    God:    Vehumet [*****.]
Gold:   184        SH:  4    Dex: 10    Spells: 2/26 levels left

rFire    . . .     SeeInvis .   a - +3 spear (venom)
rCold    . . .     Gourm    .   P - +0 buckler
rNeg     + . .     Faith    .   S - +3 leather armour
rPois    ∞         Spirit   .   q - +0 helmet
rElec    +         Reflect  .   (no cloak)
rCorr    .         Harm     .   y - +0 pair of gloves
MR       +....                  n - +2 pair of boots
Stlth    ++........             u - amulet of the acrobat
HPRegen  0.22/turn              C - ring of magical power
MPRegen  0.23/turn              t - ring of protection from magic

@: no status effects
A: negative energy resistance 1, electricity resistance, unbreathing,
petrification resistance, rot immunity, AC +8
a: Renounce Religion


You were on level 10 of the Dungeon.
You worshipped Vehumet.
Vehumet was extremely pleased with you.
You were not hungry.

You visited 2 branches of the dungeon, and saw 11 of its levels.
You also visited: Ossuary.

You collected 524 gold pieces.
You spent 340 gold pieces at shops.

Inventory:

Hand Weapons
 a - a +3 spear of venom (weapon)
 c - a +1 vorpal flail
 p - a +1 flail
 L - a +2 trident of freezing
Missiles
 b - 138 stones (quivered)
 j - 31 poisoned darts
 K - 4 throwing nets
Armour
 n - a +2 pair of boots (worn)
 q - a +0 helmet (worn)
 y - a +0 pair of gloves (worn)
 M - a +0 ring mail
 P - a +0 buckler (worn)
 S - a +3 leather armour (worn)
Jewellery
 k - an uncursed ring of protection from fire
 t - a ring of protection from magic (right hand)
 u - an amulet of the acrobat (around neck)
 C - a ring of magical power (left hand)
Wands
 g - a wand of flame (20)
 m - a wand of disintegration (11)
 s - a wand of clouds (8)
 I - a wand of iceblast (12)
Scrolls
 d - 4 scrolls of enchant armour
 h - 7 scrolls of teleportation
 l - a scroll of immolation
 o - 2 scrolls of fog
 r - 3 scrolls of amnesia
 B - 2 scrolls of fear
 D - a scroll of magic mapping
 J - 2 scrolls of remove curse
 N - 2 scrolls of enchant weapon
 O - a scroll of noise {unknown}
 T - a scroll of vulnerability {unknown}
Potions
 f - 4 potions of berserk rage
 i - 14 potions of curing
 v - 2 potions of resistance
 w - 5 potions of heal wounds
 x - 3 potions of flight
 z - a potion of stabbing
 A - a potion of might {unknown}
 E - 2 potions of haste {unknown}
 F - 2 potions of brilliance
 G - 2 potions of mutation
 H - 3 potions of lignification
 Q - a potion of invisibility {unknown}
Comestibles
 e - 18 rations


   Skills:
 + Level 9.7 Fighting
 + Level 7.8 Armour
 - Level 1.5 Dodging
 - Level 2.1 Stealth
 - Level 4.4 Shields
 + Level 8.4 Spellcasting
 - Level 6.1 Conjurations
 - Level 0.7 Transmutations
 - Level 3.0 Air Magic
 - Level 10.0 Earth Magic
 - Level 3.0 Poison Magic


You had 2 spell levels left.
You knew the following spells:

 Your Spells              Type           Power        Failure   Level  Hunger
a - Sandblast             Erth           #####.       1%          1    None
b - Passwall              Tmut/Erth      ####....     1%          2    None
c - Stone Arrow           Conj/Erth      #####.       1%          3    None
d - Lee's Rapid Deconstr  Erth           #####.....   1%          5    #####..
e - Shock                 Conj/Air       ####         1%          1    None
f - Conjure Flame         Conj/Fire      ###.....     2%          3    None
g - Mephitic Cloud        Conj/Pois/Air  ###.....     1%          3    None
h - Blink                 Tloc           N/A          16%         2    None
i - Sticky Flame          Conj/Fire      ###.....     8%          4    ###....

Your spell library contained the following spells:

 Spells                   Type           Power        Failure   Level  Hunger
 Magic Dart               Conj           ####         1%          1    None
 Call Imp                 Summ           #.......     16%         2    None
 Slow                     Hex            #.......     16%         2    None
 Petrify                  Tmut/Erth      ####....     12%         4    ###....


Dungeon Overview and Level Annotations

Branches:
Dungeon (10/15)            Temple (1/1) D:4             Orc (0/2) D:9
Ossuary (visited)
   Lair: D:8-11

Altars:
Ashenzari
Cheibriados
Dithmenos
Elyvilon
Fedhas
Gozag
Hepliaklqana
Kikubaaqudgha
Makhleb
Nemelex Xobeh
Okawaru
Qazlal
Ru
Sif Muna
Trog
Uskayaw
Vehumet
Wu Jian
Xom
Yredelemnul
Zin
The Shining One

Shops:
D:8 %   D:9 :

Annotations:
D:8 2 runed translucent doors, CheeseeCupcake's ghost, novice GrFi


Innate Abilities, Weirdness & Mutations

You are resistant to torment.
Your stone body is resilient. (AC +8)
You are immune to poison.
You resist negative energy. (rN+)
You are resistant to electric shocks. (rElec)
You can survive without breathing.
You are immune to petrification.
You are immune to rotting.


Message History

The two-headed ogre is severely wounded.
The two-headed ogre hits you with a +0 giant club.
* * * LOW HITPOINT WARNING * * *
The two-headed ogre hits you with a +0 giant club!
* * * LOW HITPOINT WARNING * * *
Casting: Stone Arrow (safe; 1% risk of failure)
Confirm with . or Enter, or press ? or * to list all spells.
Aiming: Stone Arrow (safe; 1% risk of failure)
Press: ? - help, Shift-Dir - straight line, f/p - two-headed ogre
Aim: a two-headed ogre, wielding two +0 giant clubs (severely wounded)
The stone arrow hits the two-headed ogre!!
You kill the two-headed ogre!
Vehumet accepts your kill.
You feel your power returning.
Training target 3.0 for Air Magic reached!
Your Air Magic skill increases to level 3!
The ogre mage casts a spell.
The ogre mage blinks!
The two-headed ogre hits you with a +0 giant club!!
You die...

##O.## ##..##
#...# ##..##
#..O## ##..##
#....####..##
#.....#.....##
##........O..§##
#..........O..h##
........#####hOO##
........# ###)@#
........# ####
........#
.........
...h.....#
.##......#
..##^..... ..# ..
...#


You could see 3 two-headed ogres, an ogre mage and 2 jackals.

Vanquished Creatures
  2 two-headed ogres (D:10)
  A queen ant (D:9)
  Nergalle (D:10)
  A kobold demonologist (D:8)
  2 trolls
  Prince Ribbit (D:5)
  3 hungry ghosts
  Menkaure (D:4)
  19 soldier ants (D:9)
  A water moccasin (D:7)
  2 sky beasts (D:7)
  4 black bears
  9 orc warriors
  An ice beast (D:7)
  A phantom (D:9)
  6 ogres
  5 centaurs
  4 bullfrogs
  2 gnoll sergeants
  4 water moccasin zombies (Ossuary)
  A water moccasin skeleton (D:9)
  5 scorpions
  3 wights (D:9)
  6 killer bees (D:9)
  A howler monkey (D:6)
  A crimson imp (D:6)
  A bullfrog zombie (D:7)
  5 hounds
  8 orc priests
  2 centaur skeletons
  A bullfrog skeleton (D:9)
  A gnoll shaman (D:6)
  6 orc wizards
  2 iguanas
  29 worker ants
  4 big kobold zombies (Ossuary)
  2 hound zombies
  A hound skeleton (D:8)
  2 mummies (Ossuary)
  A worker ant zombie (D:10)
  A howler monkey skeleton (D:9)
  19 gnolls
  11 adders
  3 shadow imps
  An ooze (D:6)
  3 adder skeletons
  5 adder zombies
  2 worms (D:2)
  2 dart slugs (D:1)
  5 leopard geckos
  25 orcs
  3 ball pythons
  5 bats
  3 giant cockroaches
  2 hobgoblins
  7 jackals
  A quokka (D:4)
  2 frilled lizards (D:1)
  3 gnoll zombies (Ossuary)
  2 goblins
  7 hobgoblin zombies (Ossuary)
  A jackal skeleton (D:4)
  A kobold (D:2)
  3 kobold zombies (Ossuary)
  3 orc zombies (Ossuary)
  A quokka skeleton (D:6)
  7 rats
280 creatures vanquished.

Vanquished Creatures (others)
  An adder zombie (D:9)
1 creature vanquished.

Grand Total: 281 creatures vanquished

Notes
Turn   | Place    | Note
-------+----------+-------------------------------------------
     0 | D:1      | Gumption the Gargoyle Earth Elementalist began the quest
                  | for the Orb.
     0 | D:1      | Reached XP level 1. HP: 10/10 MP: 3/3
   216 | D:1      | Reached skill level 4 in Earth Magic
   216 | D:1      | Reached XP level 2. HP: 16/16 MP: 1/5
   391 | D:1      | Learned a level 2 spell: Passwall
   421 | D:1      | Reached skill level 1 in Fighting
   668 | D:1      | Reached XP level 3. HP: 20/20 MP: 1/6
   713 | D:1      | Learned a level 3 spell: Stone Arrow
   941 | D:2      | Found an ornate altar of the Wu Jian Council.
   941 | D:2      | Found a shadowy altar of Dithmenos.
  1441 | D:2      | Reached XP level 4. HP: 25/25 MP: 1/7
  1898 | D:3      | Found a snail-covered altar of Cheibriados.
  2110 | D:3      | Reached skill level 1 in Conjurations
  2160 | D:3      | Reached skill level 5 in Earth Magic
  2250 | D:3      | Reached XP level 5. HP: 30/30 MP: 5/9
  2964 | D:4      | Noticed an ogre
  2967 | D:4      | Killed an ogre
  2967 | D:4      | Reached skill level 6 in Earth Magic
  2967 | D:4      | Reached XP level 6. HP: 36/36 MP: 6/10
  3033 | D:4      | Found a hide-covered altar of Uskayaw.
  3148 | D:4      | Found a stormy altar of Qazlal.
  3275 | D:4      | Found a staircase to the Ecumenical Temple.
  3287 | Temple   | Entered the Ecumenical Temple
  3376 | Temple   | Became a worshipper of Vehumet
  3461 | D:4      | Noticed Menkaure
  3522 | D:4      | Killed Menkaure
  3522 | D:4      | Reached XP level 7. HP: 33/41 MP: 2/12
  3924 | D:5      | Entered Level 5 of the Dungeon
  4290 | D:5      | Found a sand-covered staircase.
  4298 | Ossuary  | Entered an ossuary
  4440 | Ossuary  | Reached skill level 5 in Conjurations
  4446 | Ossuary  | Reached XP level 8. HP: 48/48 MP: 5/14
  4597 | Ossuary  | Reached * piety under Vehumet
  4597 | Ossuary  | Offered knowledge of Freeze by Vehumet.
  5164 | D:5      | Learned a level 5 spell: Lee's Rapid Deconstruction
  5213 | D:5      | Found a sacrificial altar of Ru.
  5216 | D:5      | Found a basalt altar of Yredelemnul.
  5310 | D:5      | Noticed Prince Ribbit
  5544 | D:5      | Reached skill level 5 in Fighting
  5680 | D:5      | Got a smoking robe
  5812 | D:5      | Killed Prince Ribbit
  5924 | D:5      | Identified the +1 robe of Untruth {+Fly rN+ Dex-5} (You
                  | found it on level 5 of the Dungeon)
  5957 | D:5      | Upgraded the game from 0.25-a0-294-gea9b1ad378 to
                  | 0.25-a0-860-gf695395b5c
  6057 | D:6      | Reached skill level 5 in Spellcasting
  6083 | D:6      | Reached skill level 7 in Earth Magic
  6434 | D:6      | Found a white marble altar of Elyvilon.
  6446 | D:6      | Reached XP level 9. HP: 55/55 MP: 16/16
  6754 | D:7      | Reached skill level 1 in Armour
  6803 | D:7      | Reached skill level 8 in Earth Magic
  6823 | D:7      | Reached ** piety under Vehumet
  6959 | D:7      | Offered knowledge of Shock by Vehumet.
  7008 | D:7      | Learned a level 1 spell: Shock
  7874 | D:7      | You fall into a shaft and drop 1 floor!
  7891 | D:8      | Found Echimpai's Food Emporium.
  7986 | D:8      | Reached skill level 9 in Earth Magic
  8115 | D:8      | Offered knowledge of Frozen Ramparts by Vehumet.
  8326 | D:8      | Reached XP level 10. HP: 52/63 MP: 19/19
  9247 | D:8      | Noticed a kobold demonologist
  9251 | D:8      | Killed a kobold demonologist
  9320 | D:8      | Found a basalt altar of Yredelemnul.
  9438 | D:8      | Found a large runed translucent door.
  9438 | D:8      | Found a large runed translucent door.
  9439 | D:8      | Noticed CheeseeCupcake's ghost (novice GrFi)
  9529 | D:8      | Found a bloodstained altar of Trog.
  9778 | D:9      | Reached *** piety under Vehumet
  9870 | D:9      | Reached skill level 5 in Armour
 10220 | D:9      | Offered knowledge of Conjure Flame by Vehumet.
 10440 | D:9      | Found a staircase to the Orcish Mines.
 10536 | D:9      | Reached skill level 10 in Earth Magic
 11030 | D:9      | Found Xiass's Book Shoppe.
 11038 | D:9      | Bought a book of Minor Magic for 340 gold pieces
 11042 | D:9      | Learned a level 3 spell: Conjure Flame
 11046 | D:9      | Learned a level 3 spell: Mephitic Cloud
 11049 | D:9      | Learned a level 2 spell: Blink
 11053 | D:9      | Reached **** piety under Vehumet
 11091 | D:9      | Reached skill level 1 in Shields
 11348 | D:9      | Reached skill level 1 in Poison Magic
 11351 | D:9      | Reached XP level 11. HP: 61/69 MP: 3/22
 11514 | D:9      | Offered knowledge of Airstrike by Vehumet.
 11530 | D:9      | Reached skill level 1 in Air Magic
 11771 | D:9      | Noticed a queen ant
 12554 | D:9      | Reached ***** piety under Vehumet
 12554 | D:9      | Offered knowledge of Sticky Flame by Vehumet.
 12560 | D:9      | Learned a level 4 spell: Sticky Flame
 12712 | D:9      | Killed a queen ant
 12875 | D:10     | Entered Level 10 of the Dungeon
 13208 | D:10     | Noticed Nergalle
 13244 | D:10     | Killed Nergalle
 13433 | D:10     | Noticed a two-headed ogre
 13451 | D:10     | Killed a two-headed ogre
 13606 | D:10     | Noticed a two-headed ogre
 13609 | D:10     | Noticed a two-headed ogre
 13610 | D:10     | Noticed a two-headed ogre
 13611 | D:10     | Noticed an ogre mage
 13660 | D:10     | Noticed a two-headed ogre
 13663 | D:10     | Killed a two-headed ogre
 13663 | D:10     | Slain by a two-headed ogre

Levels and vault maps discovered:
D:1:      minmay_arrival_shattered_statue, layout_rooms
D:2:      layout_loops_ring, gammafunk_temple_overflow_statue, first_ration
D:3:      layout_loops_ring, lemuel_round_altar, minmay_snake_closets
D:4:      layout_gridville, nicolae_qazlal_general_emergency,
          lemuel_round_altar, minmay_temple_entry_ruins, minivault_27,
          uniq_menkaure
D:5:      layout_basic, chequers_temple_overflow_statue_of_worship,
          chequers_ossuary_entry_cave, uniq_prince_ribbit1
D:6:      layout_rooms, elyvilon_altar_1
D:7:      layout_layer_cave, skrybe_limestone_x
D:8:      layout_basic, lightli_temple_of_fire, basic_altar,
          ebering_ghost_disaster_area, serial_shops, nicolae_shop_crystal
D:9:      layout_loops_ring, david_orc_4, serial_shops, shop, grunt_ogre_cave,
          minivault_29
D:10:     layout_layer_cave, erik_lair_dragon, uniq_snorg, uniq_nergalle
Temple:   dshaligram_water_room_temple

Skill      XL: |  1  2  3  4  5  6  7  8  9 10 11 |
---------------+----------------------------------+-----
Earth Magic    | 4 5 6 7 9 10 | 10.0
Fighting       | 1 2 3 4 5 7 8 9 |  9.7
Conjurations   | 1 2 3 5 6 |  6.1
Spellcasting   | 3 4 5 6 7 8 |  8.4
Armour         | 4 6 7 |  7.8
Shields        | 1 4 |  4.4
Poison Magic   | 1 3 |  3.0
Air Magic      | 3 |  3.0
Dodging        | |  1.5
Stealth        | |  2.1
Transmutations | |  0.7

Action                   |  1- 3 |  4- 6 |  7- 9 | 10-12 || total
-------------------------+-------+-------+-------+-------++-------
Melee: Dagger            |     6 |       |       |       ||     6
       Flail             |       |       |    11 |       ||    11
       Spear             |       |       |    31 |    86 ||   117
Throw: Stone             |       |       |       |     3 ||     3
 Cast: Sandblast         |    41 |    62 |   132 |    27 ||   262
       Passwall          |       |     1 |       |       ||     1
       Stone Arrow       |       |     1 |   100 |   199 ||   300
       Conjure Flame     |       |       |       |     2 ||     2
  Use: Scroll            |     3 |    11 |     4 |     4 ||    22
       Potion            |       |       |     2 |       ||     2
 Stab: Distracted        |       |       |     1 |       ||     1
  Eat: Chunk             |     2 |     6 |    10 |    13 ||    31
       Ration            |       |       |     5 |     1 ||     6
Armor: Robe              |     9 |     2 |    68 |    11 ||    90
       Leather armour    |     2 |     1 |       |    12 ||    15
       Ring mail         |       |       |       |    73 ||    73
Dodge: Dodged            |     8 |    16 |    88 |   129 ||   241
Block: Buckler           |       |       |       |    23 ||    23

Table legend:
 A = Non-vault XP
 B = Vault XP
 C = Vault XP percentage of total XP
 D = Non-vault monster count
 E = Vault monster count
 F = Vault count percentage of total count
                 A         B        C        D         E       F
            +---------+---------+-------+---------+---------+-------
      Total |    9966 |    7273 |  42.2 |     181 |      99 |  35.4
            +---------+---------+-------+---------+---------+-------
        D:1 |      39 |       0 |   0.0 |      21 |       0 |   0.0
        D:2 |      52 |       0 |   0.0 |       9 |       0 |   0.0
        D:3 |     112 |      95 |  45.9 |      14 |       9 |  39.1
        D:4 |     323 |     172 |  34.7 |      12 |       1 |   7.7
        D:5 |     420 |     286 |  40.5 |      13 |       1 |   7.1
        D:6 |     538 |       0 |   0.0 |      18 |       0 |   0.0
        D:7 |    1525 |       0 |   0.0 |      28 |       0 |   0.0
        D:8 |    1645 |      33 |   2.0 |      20 |       1 |   4.8
        D:9 |    2346 |    5402 |  69.7 |      35 |      56 |  61.5
       D:10 |    2966 |     796 |  21.2 |      11 |       1 |   8.3
    Ossuary |       0 |     489 | 100.0 |       0 |      30 | 100.0
            +---------+---------+-------+---------+---------+-------
